 Dungeon Sprint DCSS version 0.30.0-5-g1a98f26d00 (webtiles) character file.

Game seed: 5224044005466672992

273 Darkkill the Trooper (level 6, -2/48 (50) HPs)
             Began as an Octopode Monk on May 8, 2023.
             Was a High Priest of Trog.
             Slain by a water moccasin (8 damage)
             ... in the Dungeon (Sprint VII: "The Pits").
             The game lasted 00:03:41 (211 turns).

Darkkill the Trooper (Octopode Monk)                 Turns: 211, Time: 00:03:42

HP:   -2/48 (50)    AC:  1    Str: 13    XL:     6   Next: 24%
MP:   6/6           EV: 16    Int: 12    God:    Trog [*****.]
Gold: 0             SH:  0    Dex: 14    Spells: 5/5 levels left

rFire   . . .        m - +0 trident (heavy)
rCold   . . .        c - orb {light}
rNeg    . . .        (helmet restricted)
rPois   .            (no amulet)
rElec   .            (no ring)
rCorr   .            (no ring)
SInv    .            (no ring)
Will    .....        (no ring)
Stlth   +            (no ring)
HPRegen 0.28/turn    (no ring)
MPRegen 0.10/turn    (no ring)
                     (no ring)

%: no teleportation
@: on berserk cooldown, slowed, glowing, lightly drained, very slow
A: almost no armour, amphibious, 8 rings, camouflage 1, gelatinous body 1,
(nimble swimmer 1), tentacles
a: Renounce Religion, Berserk, Trog's Hand, Brothers in Arms


You were in the Dungeon.
You worshipped Trog.
Trog was extremely pleased with you.
You visited 1 branch

Inventory:

Hand Weapons
 m - a +0 heavy trident (weapon)
Armour
 c - an orb of light (worn)
Scrolls
 i - a scroll of blinking
 l - a scroll of butterflies
Potions
 b - a potion of ambrosia
 d - 4 potions of curing
 e - 4 potions of heal wounds
 f - a potion of haste
 g - 4 potions of magic
 h - 2 potions of berserk rage
 j - 2 potions of invisibility


   Skills:
 + Level 7.9 Fighting
 + Level 7.1 Long Blades
 + Level 4.0 Polearms
 + Level 7.2 Dodging
 + Level 1.1 Stealth


You had 5 spell levels left.
You didn't know any spells.
Your spell library was empty.

Dungeon Overview and Level Annotations

Branches:
Dungeon (1/1)

Altars:
Ashenzari
Cheibriados
Dithmenos
Elyvilon
Fedhas
Gozag
Hepliaklqana
Kikubaaqudgha
Makhleb
Nemelex Xobeh
Okawaru
Qazlal
Ru
Sif Muna
Trog
Uskayaw
Vehumet
Wu Jian
Xom
Yredelemnul
Zin
The Shining One
Jiyva
Lugonu

Annotations:
D Dowan


Innate Abilities, Weirdness & Mutations

You cannot wear most types of armour.
You are amphibious.
You can wear up to eight rings at the same time.
Your skin changes colour to match your surroundings (Stealth+).
Your rubbery body absorbs attacks. (AC +1, EV +1)
((You are camouflaged when in or above water. (Stealth+)))
You have tentacles for arms and can constrict up to eight enemies at once.


Message History

Trog accepts your kill. Trog grants you a weapon! Something appears before you!
You see here a +1 great sword.
Dowan seems to find hidden reserves of power!
The centaur shoots an arrow.
The arrow misses you. The water moccasin bites you.
You are poisoned.
The water moccasin poisons you! The water moccasin closely misses you.
The water moccasin barely misses you.
You feel much better.
You feel very sick.
Dowan casts a spell.
Dowan blinks!
The water moccasin bites you.
You are more poisoned.
The water moccasin poisons you! The water moccasin bites you.
The wight misses you.
You barely miss the water moccasin. You grab the water moccasin.
You squeeze the water moccasin!
The water moccasin is heavily wounded.
You constrict the water moccasin.
You feel extremely sick. The water moccasin barely misses you.
The water moccasin bites you. The wight misses you.
The water moccasin bites you!
* * * LOW HITPOINT WARNING * * *
The wight closely misses you.
You feel better.
You constrict the water moccasin.
The water moccasin completely misses you.
Dowan casts a spell.
Dowan blinks!
The water moccasin closely misses you. The wight misses you.
The water moccasin bites you!
* * * LOW HITPOINT WARNING * * *
The wight misses you.
You feel better.
You constrict the water moccasin. Dowan hits you with a +0 dagger.
The water moccasin misses you.
The wight hits you from afar with a +4 halberd!
* * * LOW HITPOINT WARNING * * *
You feel drained. Dowan hits you with a +0 dagger!
* * * LOW HITPOINT WARNING * * *
The water moccasin bites you!
You die...

#'#####†#####.....
#.#.....#.?##.....
#.#.....#))#####'#
#.###'###.)##.....
#.#)....#))##.....
#.#...†.#[[##.....
#.####†##'###...<.
#e#........##.....
#@#........##.....
#S###########.....
#cz...z.# ######
#..#.#..# #.## #
#.. #.# #.. #..


You could see a water moccasin, Dowan (fast), a centaur and a wight.

Vanquished Creatures
  A warg (D)
  Duvessa (D)
  A wight (D)
  A giant cockroach (D)
  5 jackals (D)
  A kobold (D)
  A quokka (D)
  A bat (D)
  A frilled lizard (D)
  A goblin (D)
  2 rats (D)
16 creatures vanquished.

Notes
Turn   | Place    | Note
-------+----------+-------------------------------------------
     0 | D        | Darkkill the Octopode Monk began the quest for the Orb.
     0 | D        | Reached XP level 1. HP: 16/16 MP: 1/1
    49 | D        | Found a bloodstained altar of Trog.
    49 | D        | Found a shimmering blue altar of Sif Muna.
    49 | D        | Found a viscous altar of Jiyva.
    49 | D        | Found a hazy altar of Hepliaklqana.
    49 | D        | Found an opulent altar of Gozag.
    50 | D        | Found a glowing golden altar of the Shining One.
    50 | D        | Found a glowing silver altar of Zin.
    50 | D        | Found a basalt altar of Yredelemnul.
    50 | D        | Found a shimmering altar of Xom.
    50 | D        | Found an ornate altar of the Wu Jian Council.
    50 | D        | Found a sacrificial altar of Ru.
    50 | D        | Found a stormy altar of Qazlal.
    50 | D        | Found an iron altar of Okawaru.
    50 | D        | Found a sparkling altar of Nemelex Xobeh.
    50 | D        | Found a burning altar of Makhleb.
    50 | D        | Found a blossoming altar of Fedhas.
    50 | D        | Found a white marble altar of Elyvilon.
    50 | D        | Found a shadowy altar of Dithmenos.
    50 | D        | Found a snail-covered altar of Cheibriados.
    52 | D        | Found a radiant altar of Vehumet.
    52 | D        | Found a corrupted altar of Lugonu.
    53 | D        | Found a hide-covered altar of Uskayaw.
    53 | D        | Found an ancient bone altar of Kikubaaqudgha.
    53 | D        | Found a broken altar of Ashenzari.
    60 | D        | Became a worshipper of Trog the Wrathful
    60 | D        | Reached * piety under Trog
    60 | D        | Reached ** piety under Trog
    93 | D        | Reached *** piety under Trog
   113 | D        | Noticed a warg
   118 | D        | Reached XP level 2. HP: 22/22 MP: 2/2
   120 | D        | Killed a warg
   121 | D        | Reached skill level 5 in Long Blades
   121 | D        | Reached skill level 5 in Dodging
   121 | D        | Reached XP level 3. HP: 25/31 MP: 3/3
   121 | D        | Reached XP level 4. HP: 30/36 MP: 4/4
   121 | D        | Reached XP level 5. HP: 35/42 MP: 5/5
   187 | D        | Noticed Duvessa
   193 | D        | Reached **** piety under Trog
   196 | D        | Killed Duvessa
   198 | D        | Noticed a centaur
   199 | D        | Reached ***** piety under Trog
   200 | D        | Reached XP level 6. HP: 49/49 MP: 6/6
   201 | D        | Reached skill level 1 in Stealth
   203 | D        | Noticed a water moccasin
   206 | D        | Noticed Dowan
   207 | D        | Received a gift from Trog
   211 | D        | Slain by a water moccasin

Illustrated notes

Levels and vault maps discovered:
D:        pitsprint [storerooms_1, entrance_room_1, metal_vault_6, armoury_1,
          mini_pit_1, grid_room_1, main_hall_1, silver_pit, the_coven_2,
          the_vestibule_1, steel_vault_5, golden_pit, hallway_of_sentries,
          crystal_vault_6, iron_vault_2, final_vault]

Skill      XL: |  1  2  3  4  5  6 |
---------------+-------------------+-----
Fighting       | 6 7 |  7.9
Long Blades    | 5 6 7 |  7.1
Polearms       | 2 3 4 |  4.0
Dodging        | 5 6 7 |  7.2
Stealth        | 1 |  1.1

Action                     |  1- 3 |  4- 6 || total
---------------------------+-------+-------++-------
  Melee: Trident           |    13 |    11 ||    24
         Constrict         |     5 |     3 ||     8
         Tentacles         |     3 |     3 ||     6
         Punch             |     1 |     1 ||     2
         Falchion          |     1 |       ||     1
 Invoke: Berserk           |     1 |       ||     1
    Use: Potion            |       |     5 ||     5
 Armour: Skin              |     2 |     3 ||     5
  Dodge: Dodged            |    15 |    29 ||    44
